 Seeded DCSS version 0.29-a0-1047-g7c58e119a4 (webtiles) character file.

Game seed: 7296620447873847827 (custom seed)

11 voltaire321 the Digger (level 2, 0/15 HPs)
             Began as a Deep Elf Earth Elementalist on Aug 16, 2022.
             Slain by a jackal (1 damage)
             ... on level 1 of the Dungeon.
             The game lasted 00:01:26 (264 turns).

voltaire321 the Digger (Deep Elf Earth Elementalist) Turns: 264, Time: 00:01:26

Health: 0/15       AC:  2    Str:  5    XL:     2   Next: 17%
Magic:  1/8        EV: 12    Int: 19    God:
Gold:   35         SH:  5    Dex: 15    Spells: 6/7 levels left

rFire   . . .      SeeInvis .   (no weapon)
rCold   . . .      Faith    .   d - +2 buckler
rNeg    . . .      Spirit   .   a - +0 robe
rPois   .          Reflect  .   (no helmet)
rElec   .          Harm     .   (no cloak)
rCorr   .          Rampage  .   (no gloves)
Will    .....                   (no boots)
Stlth   ++........              (no amulet)
HPRegen 0.05/turn               (no ring)
MPRegen 0.11/turn               (no ring)

@: no status effects
A: no striking features
a: no special abilities


You were on level 1 of the Dungeon.
You visited 1 branch of the dungeon, and saw 1 of its levels.

You collected 35 gold pieces.

Inventory:

Armour
 a - a +0 robe (worn)
 d - a +2 buckler (worn)
Scrolls
 e - a scroll of immolation {unknown}
 f - a scroll of identify {unknown}
Potions
 b - a potion of magic
 c - 2 potions of lignification {unknown}


   Skills:
 + Level 0.0 Fighting
 + Level 2.7 Dodging
 - Level 2.6 Stealth
 + Level 0.0 Shields
 + Level 3.2 Spellcasting
 + Level 1.4 Transmutations
 + Level 3.4 Earth Magic


You had 6 spell levels left.
You knew the following spells:

 Your Spells              Type           Power      Damage    Failure   Level
a - Sandblast             Erth           32%        2d9       4%          1

Your spell library contained the following spells:

 Spells                   Type           Power      Damage    Failure   Level
 Passwall                 Tmut/Erth      10%        N/A       11%         2
 Magic Dart               Conj           12%        1d3       21%         1
 Call Imp                 Summ           3%         N/A       30%         2
 Stone Arrow              Conj/Erth      18%        3d8       30%         3
 Mephitic Cloud           Conj/Pois/Air  3%         N/A       52%         3
 Petrify                  Tmut/Erth      12%        N/A       58%         4


Dungeon Overview and Level Annotations

Branches:
Dungeon (1/15)

Altars:


Message History

You block the jackal's attack. The jackal misses you.
You block the jackal's attack.
You have reached level 2!
Unknown command.
Casting: Sandblast (safe; 4% risk of failure)
Confirm with . or Enter, or press ? or * to list all spells.
Aiming: Sandblast (safe; 4% risk of failure)
Press: ? - help, Shift-Dir - straight line, f - jackal
Aim: a jackal (77% to hit)
The blast of sand hits the jackal!
You kill the jackal!
The jackal bites you. The jackal barely misses you.
The jackal closely misses you.
Casting: Sandblast (safe; 4% risk of failure)
Confirm with . or Enter, or press ? or * to list all spells.
Aiming: Sandblast (safe; 4% risk of failure)
Press: ? - help, Shift-Dir - straight line, f - jackal
Aim: a jackal (77% to hit)
The blast of sand hits the jackal!
You kill the jackal!
The jackal bites you. The jackal completely misses you.
You block the jackal's attack.
Casting: Sandblast (safe; 4% risk of failure)
Confirm with . or Enter, or press ? or * to list all spells.
You don't have enough magic to cast this spell.
Unknown command.
Found a scroll labelled XAURAS UMUKATS.
You block the jackal's attack. The jackal attacks as you move away!
The jackal bites you.
You hit the jackal but do no damage.
The jackal is moderately wounded.
The jackal misses you.
The jackal bites you but does no damage.
The jackal bites you.
* * * LOW HITPOINT WARNING * * *
The jackal bites you.
* * * LOW HITPOINT WARNING * * *
You closely miss the jackal.
The jackal is moderately wounded.
The jackal bites you.
You die...

.##...........###.P..P.
###..#....##h####......
# #....##.#..# ........
# #...###...###........
###..$# #.............#
.###......##†..#....#..
...##..#.#####.........
.#..#..#...###.hh#....
#####.......?...@# ..
#h...........# ..
#........# #........#
#........# #........#
#........# ........#


You could see 2 jackals.

Vanquished Creatures
  A ball python (D:1)
  A bat (D:1)
  An endoplasm (D:1)
  A hobgoblin (D:1)
  2 jackals (D:1)
  A frilled lizard (D:1)
  A kobold (D:1)
  3 rats (D:1)
11 creatures vanquished.

Notes
Turn   | Place    | Note
-------+----------+-------------------------------------------
     0 | D:1      | voltaire321 the Deep Elf Earth Elementalist began the quest
                  | for the Orb.
     0 | D:1      | Reached XP level 1. HP: 10/10 MP: 6/6
   191 | D:1      | Found a faded altar of an unknown god.
   258 | D:1      | Reached XP level 2. HP: 8/15 MP: 2/8
   264 | D:1      | Slain by a jackal

Illustrated notes

Levels and vault maps discovered:
D:1:      lemuel_arrival_tunnels, layout_rooms, dreamdust_ecumenical_altar_grove

Action                   || total
-------------------------++-------
Melee: Unarmed           ||     2
 Cast: Sandblast         ||    17
Armor: Robe              ||     4
Dodge: Dodged            ||    13
Block: Buckler           ||     8

Table legend: (Time is in decaauts)
 A = Elapsed time spent in this place.
 B = Non-inter-level travel time spent in this place.
 C = Inter-level travel time spent in this place.
 D = Time resting spent in this place.
 E = Time spent auto-exploring this place.
 F = Levels seen in this place.
 G = Mean time per level.
                   A        B        C        D        E       F      G
               +--------+--------+--------+--------+--------+-----+--------+
         Total |    272 |    272 |      0 |     69 |    120 |   1 |  272.0 |
       Dungeon |    272 |    272 |      0 |     69 |    120 |   1 |  272.0 |
               +--------+--------+--------+--------+--------+-----+--------+

Top non-repeatable levels by time:
     D:1: 272 daAuts
